 Dungeon Crawl Stone Soup version 0.30-a0-779-g7971cf19c3 (webtiles) character file.

Game seed: 3890506097543939153

141 KleinerIrrer the Insei (level 5, -1/61 HPs)
             Began as a Gnoll Transmuter on Feb 17, 2023.
             Succumbed to Ijyb's poison
             ... on level 3 of the Dungeon.
             The game lasted 00:03:38 (1468 turns).

KleinerIrrer the Insei (Gnoll Transmuter)           Turns: 1468, Time: 00:03:39

Health: -1/61      AC: 22    Str: 11    XL:     5   Next: 24%
Magic:  12/12      EV:  2    Int: 12    God:
Gold:   3          SH:  0    Dex: 13    Spells: 12/14 levels left

rFire   . . .      SeeInvis .      - Unarmed
rCold   . . .      Faith    .    (no shield)
rNeg    . . .      Spirit   .    (body armour currently unavailable)
rPois   +          Reflect  .    (helmet currently unavailable)
rElec   .          Harm     .    (cloak currently unavailable)
rCorr   .          Rampage  .    (gloves currently unavailable)
Will    .....      NoTele   +    (boots currently unavailable)
Stlth   ++                       (no amulet)
HPRegen 0.30/turn                (no ring)
MPRegen 0.13/turn                (no ring)

@: lethally poisoned (-1 -> -6), tree-form
A: stationary, stasis, torment immunity, boosted hp, (fangs 1), strong nose,
distributed training
a: no special abilities


You were on level 3 of the Dungeon.
You were a tree.
You visited 1 branch of the dungeon, and saw 3 of its levels.

You collected 101 gold pieces.
You spent 98 gold pieces at shops.

Inventory:

Armour
 a - a +0 robe (melded)
 d - a +0 pair of gloves (melded)
Scrolls
 c - a scroll of fog {unknown}
 e - 2 scrolls of noise {unknown}
 f - 3 scrolls of teleportation
Potions
 g - a potion of attraction {unknown}


   Skills:
 + Level 3.0 Fighting
 + Level 1.4 Short Blades
 + Level 1.4 Long Blades
 + Level 1.4 Axes
 + Level 1.4 Maces & Flails
 + Level 1.4 Polearms
 + Level 1.4 Staves
 + Level 1.4 Ranged Weapons
 + Level 1.4 Throwing
 + Level 1.4 Armour
 + Level 4.8 Dodging
 + Level 1.4 Stealth
 + Level 1.4 Shields
 + Level 6.7 Unarmed Combat
 + Level 5.2 Spellcasting
 + Level 1.1 Conjurations
 + Level 1.1 Hexes
 + Level 1.1 Summonings
 + Level 1.1 Necromancy
 + Level 1.1 Translocations
 + Level 3.9 Transmutations
 + Level 1.1 Fire Magic
 + Level 1.1 Ice Magic
 + Level 1.1 Air Magic
 + Level 1.1 Earth Magic
 + Level 1.1 Poison Magic
 + Level 1.6 Invocations
 + Level 1.4 Evocations


You had 12 spell levels left.
You knew the following spells:

 Your Spells              Type           Power      Damage    Failure   Level
a - Beastly Appendage     Tmut           24%        N/A       3%          1
b - Slow                  Hex            20%        N/A       12%         1

Your spell library contained the following spells:

 Spells                   Type           Power      Damage    Failure   Level
 Wereblood                Tmut           12%        N/A       6%          2
 Spider Form              Tmut/Pois      9%         N/A       21%         3
 Confusing Touch          Hex            5%         N/A       36%         3
 Vampiric Draining        Necr           5%         2d6       36%         3
 Ice Form                 Ice/Tmut       9%         N/A       56%         4


Dungeon Overview and Level Annotations

Branches:
Dungeon (3/15)

Altars:

Shops:
D:3 ?


Innate Abilities, Weirdness & Mutations

You are a tree.
Your roots penetrate the ground, keeping you stationary.
You cannot be teleported.
You are immune to unholy pain and torment.
Your maximum health is greatly increased.
Your equipment is partially melded.
((You have very sharp teeth.))
Your uncanny sense of smell can sniff out nearby items.
Your experience applies equally to all skills.


Message History

Ijyb is moderately wounded.
You feel sick.
Ijyb hits you with a +1 dagger of venom!
* * * LOW HITPOINT WARNING * * *
You feel better.
Ijyb is no longer moving slowly.
It was a potion of magic.
Magic courses through your body.
Ijyb zaps a wand.
The puff of flame hits you.
* * * LOW HITPOINT WARNING * * *
Really quaff the potion of lignification?
You turn into a tree.
Your +0 pair of gloves melds into your body.
Your +0 robe melds into your body.
Your roots penetrate the ground.
Ijyb hits you with a +1 dagger of venom.
* * * LOW HITPOINT WARNING * * *
You smack Ijyb!
You punch Ijyb, but do no damage.
Ijyb is heavily wounded.
Ijyb zaps a wand.
The puff of flame hits you but does no damage.
You closely miss Ijyb.
Ijyb is heavily wounded.
Ijyb hits you but does no damage.
You are lethally poisoned!
You hit Ijyb but do no damage.
Ijyb is heavily wounded.
* * * LOW HITPOINT WARNING * * *
You feel very sick. Ijyb hits you but does no damage.
You smack Ijyb!
Ijyb is almost dead.
* * * LOW HITPOINT WARNING * * *
You feel sick.
Ijyb hits you with a +1 dagger of venom.
* * * LOW HITPOINT WARNING * * *
You hit Ijyb.
Ijyb is almost dead.
* * * LOW HITPOINT WARNING * * *
You feel sick. Ijyb completely misses you.
You smack Ijyb!
You kill Ijyb!
You die...

#.# #+## #.# ##...## #
#.## ##.....## ## #..##
##...>...##
.######)..####)........#
.............'.........+
#######...####.........#
#..## ##.......# #.##
##♣....## #.# ##)..##
#.# ..## #.# #.# #.# .#
.# .. .


There were no monsters in sight!

Vanquished Creatures
  A phantom (D:2)
  Ijyb (D:3)
  An adder (D:2)
  A dart slug (D:1)
  5 orcs (D:3)
  5 ball pythons
  5 endoplasms
  6 goblins
  5 hobgoblins
  2 quokkas
  3 bats
  2 frilled lizards
  3 kobolds
  2 rats (D:1)
42 creatures vanquished.

Vanquished Creatures (others)
  A minotaur (D:1)
  A demonspawn (D:1)
  A draconian (D:1)
  An octopode (D:1)
  An elf (D:1)
  A merfolk (D:1)
  A troll (D:1)
  2 demigods (D:1)
  A naga (D:1)
  A tengu (D:1)
  An ogre (D:1)
  A felid (D:1)
  A gnoll (D:1)
  A kobold (D:1)
  4 tentacles (D:1)
19 creatures vanquished.

Grand Total: 61 creatures vanquished

Notes
Turn   | Place    | Note
-------+----------+-------------------------------------------
     0 | D:1      | KleinerIrrer the Gnoll Transmuter began the quest for the
                  | Orb.
     0 | D:1      | Reached XP level 1. HP: 17/17 MP: 6/6
     2 | D:1      | Noticed an ogre
     2 | D:1      | Noticed a demigod
     2 | D:1      | Noticed a felid
     2 | D:1      | Noticed a naga
     2 | D:1      | Noticed a demonspawn
     2 | D:1      | Noticed a demigod
     2 | D:1      | Noticed a troll
     2 | D:1      | Noticed a kraken
     2 | D:1      | Noticed a merfolk
     2 | D:1      | Noticed an elf
     2 | D:1      | Noticed a tengu
     2 | D:1      | Noticed an octopode
     2 | D:1      | Noticed a draconian
     2 | D:1      | Noticed a minotaur
     3 | D:1      | Killed a troll
     5 | D:1      | Killed a demigod
     5 | D:1      | Killed a naga
     6 | D:1      | Killed an octopode
     7 | D:1      | Killed a tengu
     7 | D:1      | Killed an elf
    10 | D:1      | Killed a felid
    11 | D:1      | Killed a demonspawn
    11 | D:1      | Killed a demigod
    12 | D:1      | Killed a minotaur
    12 | D:1      | Killed a merfolk
    13 | D:1      | Killed an ogre
    14 | D:1      | Killed a draconian
   149 | D:1      | Reached XP level 2. HP: 20/23 MP: 7/7
   544 | D:1      | Reached skill level 5 in Spellcasting
   544 | D:1      | Reached XP level 3. HP: 28/28 MP: 6/9
   747 | D:2      | Learned a level 1 spell: Slow
   783 | D:2      | Reached skill level 1 in Invocations
  1010 | D:2      | Reached skill level 1 in Short Blades
  1010 | D:2      | Reached skill level 1 in Long Blades
  1010 | D:2      | Reached skill level 1 in Axes
  1010 | D:2      | Reached skill level 1 in Maces & Flails
  1010 | D:2      | Reached skill level 1 in Polearms
  1010 | D:2      | Reached skill level 1 in Staves
  1010 | D:2      | Reached skill level 1 in Ranged Weapons
  1010 | D:2      | Reached skill level 1 in Throwing
  1010 | D:2      | Reached skill level 1 in Armour
  1010 | D:2      | Reached skill level 1 in Stealth
  1010 | D:2      | Reached skill level 1 in Shields
  1010 | D:2      | Reached skill level 1 in Evocations
  1205 | D:2      | Found a faded altar of an unknown god.
  1217 | D:2      | Noticed a phantom
  1231 | D:2      | Killed a phantom
  1232 | D:2      | Reached skill level 1 in Conjurations
  1232 | D:2      | Reached skill level 1 in Hexes
  1232 | D:2      | Reached skill level 1 in Summonings
  1232 | D:2      | Reached skill level 1 in Necromancy
  1232 | D:2      | Reached skill level 1 in Translocations
  1232 | D:2      | Reached skill level 1 in Fire Magic
  1232 | D:2      | Reached skill level 1 in Ice Magic
  1232 | D:2      | Reached skill level 1 in Air Magic
  1232 | D:2      | Reached skill level 1 in Earth Magic
  1232 | D:2      | Reached skill level 1 in Poison Magic
  1232 | D:2      | Reached XP level 4. HP: 20/34 MP: 11/11
  1232 | D:2      | Reached XP level 5. HP: 24/40 MP: 12/12
  1398 | D:3      | Found Daizuu Igeesh's Magic Scroll Boutique.
  1406 | D:3      | Bought 2 scrolls of identify for 56 gold pieces
  1406 | D:3      | Bought a scroll of teleportation for 42 gold pieces
  1447 | D:3      | Noticed Ijyb
  1466 | D:3      | HP: 1/61 [Ijyb/+1 dagger of venom (3)]
  1468 | D:3      | Killed Ijyb
  1468 | D:3      | Succumbed to Ijyb's poison

Illustrated notes

Levels and vault maps discovered:
D:1:      nicolae_arrival_kraken_aquarium_b, layout_loops_ring
D:2:      layout_basic, shapermc_ecumenical_altar_pompeii
D:3:      layout_loops_corners, serial_shops, shop, uniq_ijyb

Skill      XL: |  1  2  3  4  5 |
---------------+----------------+-----
Spellcasting   | 5 |  5.2
Invocations    | 1 |  1.6
Short Blades   | 1 |  1.4
Long Blades    | 1 |  1.4
Axes           | 1 |  1.4
Maces & Flails | 1 |  1.4
Polearms       | 1 |  1.4
Staves         | 1 |  1.4
Ranged Weapons | 1 |  1.4
Throwing       | 1 |  1.4
Armour         | 1 |  1.4
Stealth        | 1 |  1.4
Shields        | 1 |  1.4
Evocations     | 1 |  1.4
Conjurations   | 1 |  1.1
Hexes          | 1 |  1.1
Summonings     | 1 |  1.1
Necromancy     | 1 |  1.1
Translocations | 1 |  1.1
Fire Magic     | 1 |  1.1
Ice Magic      | 1 |  1.1
Air Magic      | 1 |  1.1
Earth Magic    | 1 |  1.1
Poison Magic   | 1 |  1.1
Fighting       | 3 |  3.0
Dodging        | |  4.8
Unarmed Combat | |  6.7
Transmutations | |  3.9

Action                     |  1- 3 |  4- 6 || total
---------------------------+-------+-------++-------
  Melee: Unarmed           |    68 |    26 ||    94
         Punch             |     5 |     3 ||     8
         Bite              |     5 |     1 ||     6
         Kick              |     7 |     3 ||    10
         Headbutt          |     3 |     2 ||     5
   Cast: Beastly Appendage |    15 |     2 ||    17
         Slow              |       |     1 ||     1
    Use: Potion            |     1 |     4 ||     5
         Scroll            |       |     2 ||     2
 Armour: Robe              |    11 |     1 ||    12
         Skin              |     3 |     3 ||     6
  Dodge: Dodged            |    34 |    17 ||    51

Table legend: (Time is in decaauts)
 A = Elapsed time spent in this place.
 B = Non-inter-level travel time spent in this place.
 C = Inter-level travel time spent in this place.
 D = Time resting spent in this place.
 E = Time spent auto-exploring this place.
 F = Levels seen in this place.
 G = Mean time per level.
                   A        B        C        D        E       F      G
               +--------+--------+--------+--------+--------+-----+--------+
         Total |   1456 |   1339 |    117 |    116 |    941 |   3 |  485.3 |
       Dungeon |   1456 |   1339 |    117 |    116 |    941 |   3 |  485.3 |
               +--------+--------+--------+--------+--------+-----+--------+

Top non-repeatable levels by time:
     D:1: 720 daAuts
     D:2: 615 daAuts
     D:3: 120 daAuts
